 Dungeon Crawl Stone Soup version 0.30.1-4-g462c640d31 (webtiles) character file.

Game seed: 4600567046250822426

682605 wingedge the Cryomancer (level 26, -3/239 HPs)
             Began as a Demigod Wanderer on Aug 25, 2023.
             Killed from afar by an orb of fire (32 damage)
             ... with a fireball
             ... on level 5 of the Realm of Zot.
             The game lasted 06:23:50 (87236 turns).

wingedge the Cryomancer (Demigod Wanderer)         Turns: 87236, Time: 06:23:51

Health: -3/239     AC: 17    Str: 18    XL:     26   Next: 70%
Magic:  27/46      EV: 24    Int: 45    God:
Gold:   6390       SH: 19    Dex: 23    Spells: 1/51 levels left

rFire   + . .        a - +9 broad axe (heavy)
rCold   + + +        D - +5 kite shield {AC+3}
rNeg    + . .        Z - +2 robe {Archmagi}
rPois   +            k - +3 crown of Dyrovepreva {rElec Int+2 SInv}
rElec   +            o - scarf {rC+ rF+}
rCorr   +            Y - +0 pair of gloves of Bicir {rN+}
SInv    +            P - +2 pair of boots of the Lotus Blossom {Drain Will+ Str+2 Dex+3}
Will    +++..        H - amulet "Qanlita" {RegenMP rPois}
Stlth   +++++        W - ring of the Loving Gods {rC++ rCorr Str+2 Dex+5}
HPRegen 0.59/turn    N - ring of wizardry
MPRegen 0.70/turn

%: wizardry (x1), archmagi
@: studying Stealth
A: high MP 1, forlorn, divine attributes, claws 1, screaming 1
}: 4/15 runes: decaying, serpentine, slimy, silver
a: no special abilities


You were on level 5 of the Realm of Zot.
You visited 11 branches of the dungeon, and saw 55 of its levels.
You visited 1 bazaar.
You also visited: Trove, Bailey, Gauntlet, Ice Cave and Wizlab.

You collected 11215 gold pieces.
You spent 4825 gold pieces at shops.

Inventory:

Hand Weapons
 a - a +9 heavy broad axe (weapon)
Armour
 k - the +3 crown of Dyrovepreva (worn) {rElec Int+2 SInv}
   (You acquired it on level 8 of the Dungeon)

   Int:       It affects your intelligence (+2).
   rElec:     It insulates you from electricity.
   SInv:      It lets you see invisible.
 o - a scarf of resistance (worn)
 D - a +5 kite shield of protection (worn)
 P - the +2 pair of boots of the Lotus Blossom (worn) {Drain Will+ Str+2 Dex+3}
   (You found it in a Gauntlet)

   Str:       It affects your strength (+2).
   Dex:       It affects your dexterity (+3).
   Drain:     It drains your maximum health when unequipped.
   Will:      It increases your willpower.
 Q - the scarf of Springtime {repulsion, Rampage Dex+2}
   (You found it on level 5 of the Pits of Slime)

   Dex:       It affects your dexterity (+2).
   Rampage:   It bestows one free step when moving towards enemies.
 Y - the +0 pair of gloves of Bicir (worn) {rN+}
   (You found it on level 2 of the Depths)

   rN:        It protects you from negative energy.
 Z - a +2 robe of the Archmagi (worn)
Magical Staves
 b - the staff of fire "Xecepn" {rPois rF+ rN+ Str+5 Int+3}
   (You acquired it on level 1 of the Vaults)

   [staff of fire]

   Base accuracy: +5 Base damage: 5 Base attack delay: 1.2 This weapon's minimum
   attack delay (0.6) is reached at skill level 12.
   Str:       It affects your strength (+5).
   Int:       It affects your intelligence (+3).
   rF:        It protects you from fire.
   rPois:     It protects you from poison.
   rN:        It protects you from negative energy.
   It falls into the 'Staves' category.
   It is a one-handed weapon.
Jewellery
 f - the ring "Lostresch" {Fly rC+ Dex+3 Stlth+}
   (You found it on level 5 of the Pits of Slime)

   [ring of protection from cold]

   Dex:       It affects your dexterity (+3).
   rC:        It protects you from cold.
   Fly:       It grants you flight.
   Stlth:     It makes you more stealthy.
 i - the ring "Nusimoh" {rC- rN++ rCorr Int+6}
   (You found it in a treasure trove)

   [ring of resist corrosion]

   Int:       It affects your intelligence (+6).
   rC:        It makes you vulnerable to cold.
   rN:        It greatly protects you from negative energy.
   rCorr:     It protects you from acid and corrosion.
 l - an amulet of regeneration
 m - the ring of the Rabble {rF+ rCorr}
   (You found it in a treasure trove)

   [ring of protection from fire]

   rF:        It protects you from fire.
   rCorr:     It protects you from acid and corrosion.
 p - the ring of Xiseogry {rC+ rN+ Will+}
   (You found it on level 3 of the Crypt)

   [ring of positive energy]

   rC:        It protects you from cold.
   rN:        It protects you from negative energy.
   Will:      It increases your willpower.
 H - the amulet "Qanlita" (around neck) {RegenMP rPois}
   (You found it on level 3 of the Elven Halls)

   [amulet of magic regeneration]

   It increases your rate of magic regeneration.
   rPois:     It protects you from poison.
 N - a ring of wizardry (right hand)
 W - the ring of the Loving Gods (left hand) {rC++ rCorr Str+2 Dex+5}
   (You found it on level 1 of the Depths)

   [ring of resist corrosion]

   Str:       It affects your strength (+2).
   Dex:       It affects your dexterity (+5).
   rC:        It greatly protects you from cold.
   rCorr:     It protects you from acid and corrosion.
Wands
 B - a wand of digging (23)
 G - a wand of quicksilver (44)
Scrolls
 e - 18 scrolls of fear (quivered)
 g - 6 scrolls of torment
 n - 25 scrolls of teleportation
 s - 8 scrolls of enchant armour
 t - 7 scrolls of fog
 u - 8 scrolls of summoning
 w - 11 scrolls of immolation
 x - 2 scrolls of magic mapping
 y - 4 scrolls of amnesia
 E - 7 scrolls of silence
 X - 3 scrolls of blinking
Potions
 d - 8 potions of curing
 h - 9 potions of flight
 r - 5 potions of resistance
 v - 7 potions of brilliance
 z - 5 potions of cancellation
 A - 5 potions of haste
 C - 4 potions of invisibility
 F - 12 potions of might
 O - 7 potions of mutation
 S - 5 potions of ambrosia
 T - 13 potions of berserk rage
 V - 5 potions of magic


   Skills:
 - Level 20.0 Fighting
 - Level 18.0 Axes
 - Level 17.0 Armour
 - Level 15.5 Dodging
 - Level 11.0 Stealth
 - Level 12.0 Shields
 - Level 13.0 Spellcasting
 - Level 9.0 Conjurations
 * Level 12.8 Necromancy
 - Level 7.0 Translocations
 * Level 13.2 Transmutations
 - Level 4.0 Fire Magic
 + Level 23.1 Ice Magic
 - Level 9.0 Air Magic
 - Level 6.0 Poison Magic
 - Level 1.0 Evocations


You had one spell level left.
You knew the following spells:

 Your Spells              Type           Power      Damage    Failure   Level
a - Ignite Poison         Fire/Tmut/Pois 99%        N/A       1%          3
b - Manifold Assault      Tloc           95%        N/A       1%          4
c - Passage of Golubria   Tloc           95%        N/A       1%          4
d - Poisonous Vapours     Pois/Air       100%       N/A       1%          2
e - Ozocubu's Refrigerat  Ice            75%        4d24      1%          7
f - Ozocubu's Armour      Ice            100%       N/A       0%          3
g - Vhi's Electric Charg  Tloc/Air       100%       N/A       1%          3
h - Arcjolt               Conj/Air       52%        1d62      1%          5
i - Necromutation         Tmut/Necr      60%        N/A       21%         8
j - Wereblood             Tmut           100%       N/A       0%          2
k - Polar Vortex          Ice            75%        N/A       5%          9

Your spell library contained the following spells:

 Spells                   Type           Power      Damage    Failure   Level
 Beastly Appendage        Tmut           100%       N/A       0%          1
 Freeze                   Ice            100%       1d10      0%          1
 Kiss of Death            Conj/Necr      100%       2d13      0%          1
 Necrotise                Necr           100%       1d9       0%          1
 Apportation              Tloc           100%       N/A       1%          1
 Magic Dart               Conj           100%       1d8       1%          1
 Shock                    Conj/Air       100%       1d9       1%          1
 Slow                     Hex            100%       N/A       1%          1
 Summon Small Mammal      Summ           100%       N/A       1%          1
 Ensorcelled Hibernation  Hex/Ice        100%       N/A       0%          2
 Hailstorm                Conj/Ice       100%       3d20      0%          3
 Ice Form                 Ice/Tmut       100%       N/A       0%          4
 Blink                    Tloc           100%       N/A       1%          2
 Call Imp                 Summ           86%        N/A       1%          2
 Cigotuvi's Dreadful Rot  Necr/Pois/Air  100%       N/A       1%          2
 Momentum Strike          Conj/Tloc      100%       3d10      1%          2
 Passwall                 Tmut/Erth      77%        N/A       1%          2
 Scorch                   Fire           100%       2d9       1%          2
 Searing Ray              Conj           100%       2d8       1%          2
 Static Discharge         Conj/Air       100%       2-7/arc   1%          2
 Confusing Touch          Hex            43%        N/A       1%          3
 Dazzling Flash           Conj/Hex       100%       N/A       1%          3
 Inner Flame              Hex/Fire       63%        N/A       1%          3
 Mephitic Cloud           Conj/Pois/Air  100%       N/A       1%          3
 Spider Form              Tmut/Pois      100%       N/A       1%          3
 Stone Arrow              Conj/Erth      100%       3d13      1%          3
 Swiftness                Air            100%       N/A       1%          3
 Vampiric Draining        Necr           100%       2d13      1%          3
 Volatile Blastmotes      Fire/Tloc      100%       2d18      1%          3
 Airstrike                Air            52%        2d(8-24)  1%          4
 Anguish                  Hex/Necr       46%        N/A       1%          4
 Animate Dead             Necr           100%       N/A       1%          4
 Dispel Undead            Necr           100%       3d31      1%          4
 Flame Wave               Conj/Fire      93%        2d20      1%          4
 Fulminant Prism          Conj/Hex       40%        3d19      1%          4
 Iskenderun's Mystic Bla  Conj/Tloc      100%       2d19      1%          4
 Sticky Flame             Conj/Fire      93%        2d10      1%          4
 Summon Ice Beast         Ice/Summ       100%       N/A       1%          4
 Summon Lightning Spire   Summ/Air       81%        N/A       1%          4
 Agony                    Necr           100%       N/A       1%          5
 Alistair's Intoxication  Tmut/Pois      72%        N/A       1%          5
 Blade Hands              Tmut           61%        N/A       1%          5
 Borgnjor's Vile Clutch   Necr/Erth      46%        N/A       1%          5
 Fireball                 Conj/Fire      46%        3d18      1%          5
 Freezing Cloud           Conj/Ice/Air   62%        6-21      1%          5
 Iskenderun's Battlesphe  Conj           100%       2d15      1%          5
 Metabolic Englaciation   Hex/Ice        58%        N/A       1%          5
 Yara's Violent Unravell  Hex/Tmut       46%        3d18      1%          5
 Death Channel            Necr           60%        N/A       1%          6
 Eringya's Noxious Bog    Tmut/Pois      54%        N/A       1%          6
 Simulacrum               Ice/Necr       68%        N/A       1%          6
 Conjure Ball Lightning   Conj/Air       52%        3x3d18    2%          6
 Silence                  Hex/Air        40%        N/A       3%          5
 Dispersal                Tloc           47%        N/A       6%          6
 Storm Form               Tmut/Air       57%        N/A       6%          7
 Animate Armour           Summ/Erth      86%        N/A       7%          4
 Cause Fear               Hex            21%        N/A       7%          4
 Starburst                Conj/Fire      46%        6d13      8%          6
 Iron Shot                Conj/Erth      40%        9d8       16%         6
 Infestation              Necr           60%        N/A       22%         8
 Haunt                    Necr/Summ      46%        N/A       38%         7
 Spellforged Servitor     Conj/Summ      40%        N/A       63%         7
 Summon Cactus Giant      Summ           21%        N/A       67%         6
 Maxwell's Capacitive Co  Air            52%        ∞         69%         8
 Disjunction              Tloc           47%        N/A       91%         8
 Death's Door             Necr           60%        N/A       96%         9
 Enfeeble                 Hex            21%        N/A       99%         7
 Lehudib's Crystal Spear  Conj/Erth      40%        10d10     99%         8
 Ignition                 Fire           39%        3d12      100%        8


Dungeon Overview and Level Annotations

Branches:
Dungeon (15/15)            Temple (0/1) D:4            Lair (5/5) D:11
  Swamp (4/4) Lair:3        Snake (4/4) Lair:2        Slime (5/5) Lair:4
    Orc (2/2) D:10            Elf (3/3) Orc:2        Vaults (5/5) D:13
  Crypt (3/3) Vaults:2       Tomb (0/3) Crypt:3      Depths (4/4) D:15
    Zot (5/5) Depths:4     Bailey (visited)           IceCv (visited)
 WizLab (visited)         Gauntlet (visited)

Shops:
D:1 !   D:2 (   D:10 *   Orc:2 :!**   Elf:1 **   Elf:2 (?:!   Elf:3 *[
Snake:2 :==   Vaults:4 (   Depths:1 ?

Portals:
Hell: Depths:1 Depths:2 Depths:3 Depths:4
Abyss: Depths:2 Depths:3
Pandemonium: Depths:2
Ziggurat: Depths:4

Annotations:
D:9 6 transporters
Depths:2 1 runed translucent door
Depths:4 Stash waypoint 0


Innate Abilities, Weirdness & Mutations

You have an increased reservoir of magic. (+10% MP)
You shall have no god before yourself.
Your divine heritage dramatically boosts your attributes as you level up.
You have sharp fingernails.
You occasionally shout uncontrollably at your foes.


Message History

Your icy armour melts away.
You resist.
The orb of fire glows bright magenta.
The fireball explodes!
The fireball engulfs you! You resist.
The fireball engulfs the orb of fire.
The orb of fire completely resists.
The fireball engulfs the orb of fire.
The orb of fire completely resists.
The orb of fire glows bright magenta.
The fireball explodes!
The fireball engulfs you! You resist.
The fireball engulfs the orb of fire.
The orb of fire completely resists.
The fireball engulfs the orb of fire.
The orb of fire completely resists.
Casting: Manifold Assault (safe; 1% risk of failure)
Confirm with . or Enter, or press ? or * to list all spells.
You feel a surge of power!
Space momentarily warps into an impossible shape!
You miss the orb of fire. You slice the orb of fire!!
You destroy the orb of fire!
The orb of fire glows deep purple.
The bolt of fire hits you!!! You resist.
You barely miss the orb of fire.
The orb of fire is almost destroyed.
The orb of fire glows red.
The fireball explodes!
The fireball engulfs you!! You resist.
* * * LOW HITPOINT WARNING * * *
The fireball engulfs the orb of fire.
The orb of fire completely resists.
You miss the orb of fire.
The orb of fire is almost destroyed.
The winds around you calm down.
You closely miss the orb of fire.
The orb of fire is almost destroyed.
The orb of fire glows yellow.
The bolt of fire misses you.
The orb of fire glows deep purple.
The fireball explodes!
The fireball engulfs you!!! You resist.
* * * LOW HITPOINT WARNING * * *
The fireball engulfs the orb of fire.
The orb of fire completely resists.
You closely miss the orb of fire.
The orb of fire is almost destroyed.
The orb of fire glows deep purple.
The fireball explodes!
The fireball engulfs you!! You resist.
You die...

#*#
####'######.#.#.....
#.# ###..........#.....
#9# #...##########.....
#.#############.#.#
#.....
#.*..§............#
#.....
#.######^######'#######
#..... #.#
#.....#........# #####'
#.# #.###.#........# #.
..# #.....'..@.⌠...# #.
### #####.#..*.....##
#. ########.#.........#
#. #.....#...........##
##.
#/...(#..#........##
#..
####..8.....#..........
##.
#..#....[.............#
#.
#..#...(.'..#........#.
#.
#..#.(...#..#.....(...#
#.


You could see an orb of fire.

Vanquished Creatures
  the Royal Jelly (Slime:5)
  9 dread liches
  2 ancient liches
  4 orbs of fire
  Mennas (Vaults:5)
  A juggernaut (Depths:4)
  Mara (Vaults:5)
  The ghost of Loveship the Sorcerer, a legendary DsCj of Vehumet (Zot:5)
  A royal mummy (Crypt:1)
  A Killer Klown (Zot:4)
  Josephina (Depths:3)
  Frederick (Crypt:2)
  The ghost of wingedge the Eclecticist, a veteran DgEE (Zot:1)
  A curse toe (Crypt:3)
  5 caustic shrikes
  7 golden dragons
  The ghost of Poanarph the Slayer, a veteran GrVM of Kikubaaqudgha (Depths:1)
  2 bone dragons
  4 electric golems
  A shard shrike zombie (Crypt:3)
  A doom hound (Depths:3)
  10 tentacled monstrosities
  Rupert (Orc:2)
  Mlioglotl (Snake:4)
  10 liches
  12 Orb Guardians (Zot:5)
  2 walking earthen tomes
  2 deep elf blademasters
  11 quicksilver dragons
  A walking frostbound tome (Depths:3)
  8 ancient champions
  9 titans
  5 deep elf master archers
  Grunn (Depths:3)
  11 death cobs
  14 acid blobs
  Gastronok (Orc:1)
  8 sphinxes
  19 shadow dragons
  The ghost of Polaczum the Brawler, an adept TrMo of Nemelex Xobeh (Depths:2)
  8 thorn hunters
  8 tengu reavers
  The ghost of Drunn the Thaumaturge, an adept DsEE of Dithmenos (Elf:1)
  5 nagarajas
  A revenant (Crypt:1)
  9 draconian monks
  16 storm dragons
  2 draconian knights (Zot:3)
  3 fenstrider witches (WizLab)
  An iron dragon (Depths:3)
  17 rockslimes
  10 azure jellies
  23 vault wardens
  Aizul (Snake:1)
  Louise (D:15)
  7 draconian scorchers
  7 deep elf sorcerers
  4 frost giants
  5 caustic shrike zombies
  2 ghost moths
  11 fire giants
  3 curse skulls
  5 spectral caustic shrikes
  2 spectral juggernauts
  3 orc warlords
  4 draconian stormcallers
  3 war gargoyles
  6 draconian shifters
  4 deep elf elementalists
  3 ironbound thunderhulks
  A juggernaut skeleton (Depths:3)
  27 ironbound preservers
  8 draconian annihilators
  9 quicksilver oozes
  9 ghouls
  5 vampire knights
  A spriggan defender (Depths:2)
  22 very ugly things
  12 green draconians
  The ghost of monsoonserge the Cleaver, a journeyman HOFi of Zin (Lair:4)
  18 stone giants
  A spectral titan (Crypt:1)
  8 deep elf demonologists
  12 black draconians
  12 red draconians
  4 eleionomae
  12 dire elephants
  14 purple draconians
  5 spark wasps (Depths:3)
  13 white draconians
  8 deep elf annihilators
  A minotaur (Gauntlet)
  11 yellow draconians
  The ghost of Patrick2011b the Thaumaturge, a journeyman DrAE of Vehumet (Lair:2)
  7 bunyips
  A blizzard demon (Depths:2)
  3 merfolk javelineers (Depths:3)
  11 jiangshi
  6 deep elf death magi
  4 eidola
  14 yaktaur captains
  A spectral quicksilver dragon (Crypt:1)
  16 ettins
  A spectral elf (Crypt:1)
  7 fire dragons
  3 shambling mangroves (WizLab)
  The ghost of Hapn the Devastator, a journeyman DEFE of Vehumet (Lair:4)
  The ghost of Rangus the Unseen, a journeyman VSBr of Uskayaw (Lair:4)
  16 great orbs of eyes
  4 mummy priests
  A spectral spriggan (Crypt:1)
  3 entropy weavers
  33 vault guards
  4 deep elf high priests
  The ghost of rozman the Devastator, a journeyman TeFE of Vehumet (Lair:4)
  7 ice dragons
  3 rakshasas
  2 caustic shrike simulacra
  A hell beast (Depths:2)
  A spectral tengu (Depths:3)
  14 hydras
  6 ogre magi
  3 salamander tyrants (Snake:4)
  3 spectral shadow dragons
  A spriggan air mage (Depths:3)
  A peacekeeper (Vaults:4)
  2 ghost crabs
  5 boulder beetles
  5 ironbound frosthearts
  6 anacondas
  19 centaur warriors
  3 satyrs (WizLab)
  4 tengu warriors
  3 death knights
  4 deep troll shamans
  5 vampire magi
  9 alligators
  10 naga warriors
  26 dancing weapons
  4 deep troll earth magi
  5 death yaks
  A spectral stone giant (Crypt:1)
  13 two-headed ogres
  17 naga sharpshooters
  A hell hog (Depths:2)
  6 orc high priests
  2 hell knights
  7 spriggan berserkers
  A spectral storm dragon (Crypt:1)
  17 deep elf knights
  6 shock serpents
  A titan zombie (Crypt:3)
  A soul eater (Depths:2)
  Lodul (D:10)
  4 goliath frogs
  15 skeletal warriors
  A fire crab (Gauntlet)
  2 iron trolls
  A skyshark (Lair:4)
  3 salamander mystics
  5 shadow wraiths (Crypt:3)
  Amaemon (Lair:2)
  A spark wasp zombie (Depths:3)
  A sea snake (shapeshifter) (Depths:2)
  5 glowing orange brains
  A quicksilver dragon simulacrum (Depths:2)
  A storm dragon skeleton (Depths:3)
  9 bog bodies
  61 deep trolls
  A spriggan druid (Swamp:4)
  A tengu zombie (Depths:3)
  2 obsidian statues
  2 spectral hydras (Crypt:1)
  14 swamp dragons
  17 ironbound convokers
  8 phantasmal warriors
  An anaconda skeleton (Crypt:1)
  23 orc knights
  An orange crystal statue (Swamp:3)
  4 wizards
  11 flayed ghosts
  8 naga ritualists
  13 deep elf archers
  12 mana vipers
  A lindwurm (shapeshifter) (D:13)
  A golden dragon skeleton (Depths:2)
  35 deep elf pyromancers
  A wolf spider zombie (Crypt:1)
  20 lindwurms
  5 harpies (Vaults:1)
  A frost giant zombie (Depths:3)
  30 deep elf zephyrmancers
  3 oklob plants
  29 ugly things
  A goliath frog skeleton (Crypt:1)
  5 fauns (WizLab)
  15 salamanders
  A fire giant zombie (Depths:3)
  5 necromancers
  2 wolf spiders (Vaults:5)
  3 shining eyes
  10 orc sorcerers
  2 manticores
  29 moths of wrath
  3 will-o-the-wisps
  A stone giant zombie (Crypt:3)
  7 cyclopes
  A spectral alligator snapping turtle (Crypt:1)
  2 spectral centaurs (Crypt:1)
  A dire elephant zombie (Crypt:3)
  An iron dragon skeleton (Crypt:3)
  5 guardian serpents
  21 elephants
  Joseph (D:8)
  17 naga magi
  2 rust devils (Depths:2)
  27 vault sentinels
  A titan simulacrum (Depths:2)
  An ice statue (IceCv)
  A water nymph (shapeshifter) (Vaults:3)
  44 black mambas
  4 eyes of devastation
  Maggie (Lair:2)
  10 cane toads
  2 torpor snails
  2 unseen horrors
  An unseen horror (shapeshifter) (Vaults:5)
  2 orange demons
  A steelbarb worm zombie (Crypt:2)
  7 freezing wraiths
  An efreet (D:15)
  2 naga skeletons (Crypt:3)
  2 rime drakes
  A kobold demonologist (Bailey)
  5 gargoyles
  41 yaktaurs
  13 komodo dragons
  A grey draconian zombie (Crypt:2)
  An anaconda simulacrum (IceCv)
  A spectral naga (Crypt:1)
  2 tengu conjurers
  13 guardian mummies
  A green draconian skeleton (Crypt:3)
  2 purple draconian skeletons (Crypt:3)
  13 ice devils (IceCv)
  6 trolls
  2 spectral harpies (Crypt:1)
  2 bloated husks
  28 hornets
  8 tyrant leeches
  A queen bee (Lair:2)
  5 polar bears
  22 blink frogs
  A shadow dragon simulacrum (Depths:3)
  A harpy zombie (Crypt:3)
  A sphinx simulacrum (Depths:3)
  7 dream sheep (Lair:5)
  A raiju (Gauntlet)
  A tarantella (Vaults:4)
  An ettin zombie (Vaults:1)
  3 jumping spiders (shapeshifter)
  A spectral black mamba (Crypt:1)
  A human simulacrum (Vaults:1)
  A fire dragon zombie (Crypt:3)
  A fire giant simulacrum (Depths:3)
  17 flying skulls (Crypt:2)
  A centaur simulacrum (D:15)
  A shadow (D:11)
  13 water elementals
  A wyvern (Lair:3)
  26 spriggans
  An air elemental (Elf:1)
  4 dire elephant simulacra (IceCv)
  173 slime creatures
  5 wraiths
  2 fire elementals
  51 yaks
  A black mamba skeleton (Crypt:3)
  3 ushabtiu (Crypt:3)
  3 fire bats (Gauntlet)
  6 basilisks
  20 golden eyes
  5 vampire mosquitoes
  A neqoxec (Depths:2)
  3 steam dragons
  A death yak simulacrum (IceCv)
  A redback (Vaults:4)
  4 wargs
  8 swamp worms
  4 harpy simulacra
  40 nagas
  18 water moccasins
  2 naga zombies (Crypt:3)
  2 acid dragons
  2 hell hounds (Gauntlet)
  A water moccasin (shapeshifter) (D:9)
  A demonspawn skeleton (Crypt:2)
  2 floating eyes
  3 glowing shapeshifter skeletons
  A faun skeleton (Crypt:1)
  A deep troll skeleton (Crypt:2)
  53 orc warriors
  9 swamp drakes (Swamp:4)
  7 black bears
  3 ice beasts
  A two-headed ogre skeleton (Crypt:2)
  2 sky beasts (D:7)
  7 boggarts
  18 centaurs
  29 wolves
  20 ogres
  3 phantoms
  3 human skeletons
  7 kobold brigands
  A rime drake skeleton (Crypt:1)
  15 bullfrogs
  7 earth elementals
  3 gnoll sergeants (D:9)
  3 scorpions
  2 two-headed ogre simulacra (IceCv)
  3 cane toad simulacra (IceCv)
  2 necrophages
  8 wights
  A hornet simulacrum (D:15)
  3 spriggan zombies
  26 killer bees
  3 elephant simulacra (IceCv)
  9 electric eels
  7 howler monkeys
  A black bear zombie (Crypt:3)
  4 hounds (D:7)
  7 jellies
  25 orc priests
  2 human zombies
  2 gnoll boudas (D:5)
  A sleepcap (D:8)
  An iguana (D:7)
  34 orc wizards
  4 hell rats (Lair:1)
  3 troll simulacra (IceCv)
  5 wolf simulacra (IceCv)
  8 polar bear simulacra (IceCv)
  21 gnolls
  A naga simulacrum (IceCv)
  6 adders
  A shadow imp (D:6)
  A white imp (D:5)
  2 ufetubi (D:7)
  A jelly zombie (Crypt:1)
  An adder skeleton (Crypt:1)
  3 dart slugs
  99 orcs
  4 ball pythons
  8 endoplasms
  A giant cockroach (D:2)
  A goblin (shapeshifter) (Vaults:4)
  15 goblins
  10 hobgoblins
  7 jackals
  4 quokkas
  A ball python skeleton (Crypt:2)
  6 bats
  A frilled lizard (D:2)
  A frilled lizard skeleton (Crypt:1)
  15 kobolds
  A quokka skeleton (Crypt:3)
  2 rats
  3 ball lightnings (Zot:1)
2711 creatures vanquished.

Vanquished Creatures (collateral kills)
  An ogre (Vaults:5)
1 creature vanquished.

Vanquished Creatures (others)
  A doom hound (Depths:3)
  An alligator (Swamp:4)
  A dancing weapon (Elf:1)
  A spark wasp simulacrum (Depths:3)
  A spriggan (Swamp:3)
  A water elemental (D:15)
  2 foxfires (Swamp:2)
8 creatures vanquished.

Grand Total: 2720 creatures vanquished

Notes
Turn   | Place    | Note
-------+----------+-------------------------------------------
     0 | D:1      | wingedge the Demigod Wanderer began the quest for the Orb.
     0 | D:1      | wingedge set off with the following items: a +0 dagger, a
                  | potion of heal wounds, a +0 robe, a potion of curing; and
                  | the following spells available to memorise: Searing Ray,
                  | Kiss of Death, Shock, Poisonous Vapours, Cigotuvi's
                  | Dreadful Rot.
     0 | D:1      | Reached XP level 1. HP: 17/17 MP: 4/4
     2 | D:1      | Learned a level 1 spell: Kiss of Death
     4 | D:1      | Learned a level 1 spell: Shock
    15 | D:1      | Found Kyoloz's Distillery.
   336 | D:1      | Reached skill level 1 in Air Magic
   451 | D:1      | Reached XP level 2. HP: 24/24 MP: 1/5
  1445 | D:2      | Reached XP level 3. HP: 27/29 MP: 4/7
  1502 | D:2      | Found Ehu Ergh's Weapon Shoppe.
  1831 | D:2      | Learned a level 2 spell: Searing Ray
  1834 | D:2      | Learned a level 2 spell: Poisonous Vapours
  1913 | D:2      | Reached XP level 4. HP: 36/36 MP: 7/9
  3514 | D:4      | Identified the +6 war axe "Jojapp" {speed, Contam rF++
                  | rC+++}
  3824 | D:4      | Found a staircase to the Ecumenical Temple.
  4201 | D:5      | Entered Level 5 of the Dungeon
  4201 | D:5      | Noticed an ogre
  4207 | D:5      | Killed an ogre
  4208 | D:5      | Reached skill level 1 in Necromancy
  4208 | D:5      | Reached XP level 5. HP: 34/41 MP: 4/11
  4479 | D:5      | Reached skill level 1 in Axes
  4479 | D:5      | Reached XP level 6. HP: 37/50 MP: 5/12
  4866 | D:5      | Learned a level 3 spell: Mephitic Cloud
  5171 | D:5      | Reached XP level 7. HP: 52/57 MP: 7/14
  5885 | D:6      | Reached skill level 5 in Conjurations
  6032 | D:6      | Got the Precepts of Shivering Toxins
  6112 | D:6      | Reached XP level 8. HP: 66/66 MP: 6/16
  7119 | D:7      | Reached skill level 5 in Air Magic
  7338 | D:7      | Noticed a deep elf pyromancer
  7356 | D:7      | Killed a deep elf pyromancer
  7357 | D:7      | Reached skill level 5 in Axes
  7357 | D:7      | Reached skill level 5 in Spellcasting
  7357 | D:7      | Reached skill level 5 in Poison Magic
  7357 | D:7      | Reached XP level 9. HP: 53/71 MP: 13/20
  7492 | D:7      | Learned a level 3 spell: Ozocubu's Armour
  7533 | D:7      | Noticed a two-headed ogre
  7546 | D:7      | Killed a two-headed ogre
  7547 | D:7      | Reached skill level 1 in Dodging
  7547 | D:7      | Reached skill level 1 in Ice Magic
  7604 | D:7      | Reached skill level 2 in Ice Magic
  7617 | D:7      | Noticed a gargoyle
  7632 | D:7      | Killed a gargoyle
  8023 | D:7      | Reached skill level 5 in Fighting
  8217 | D:7      | Noticed a deep elf pyromancer
  8222 | D:7      | Killed a deep elf pyromancer
  8223 | D:7      | Reached skill level 3 in Ice Magic
  8223 | D:7      | Reached XP level 10. HP: 77/81 MP: 17/21
  8519 | D:8      | Learned a level 3 spell: Vhi's Electric Charge
  8702 | D:8      | Found a flagged portal.
  8738 | Bailey   | Entered a bailey
  8794 | Bailey   | Reached skill level 1 in Translocations
  8902 | Bailey   | Noticed an orc knight
  8960 | Bailey   | Killed an orc knight
  9315 | Bailey   | Noticed an orc high priest
  9331 | Bailey   | Killed an orc high priest
  9332 | Bailey   | Reached skill level 4 in Ice Magic
  9782 | Bailey   | Noticed an orc knight
  9788 | Bailey   | Killed an orc knight
  9862 | Bailey   | Learned a level 5 spell: Arcjolt
 10134 | D:8      | Noticed Joseph
 10152 | D:8      | Killed Joseph
 10305 | D:8      | Acquired the +3 crown of Dyrovepreva {rElec Int+2 SInv}
 10305 | D:8      | Found the +3 crown of Dyrovepreva {rElec Int+2 SInv}
 10318 | D:8      | Acquired the Writings on the Tincture and Necromancy
 10748 | D:8      | Reached XP level 11. HP: 40/89 MP: 9/23
 11124 | D:8      | Learned a level 3 spell: Ignite Poison
 11315 | D:9      | Noticed a rakshasa
 11323 | D:9      | Reached skill level 1 in Transmutations
 11323 | D:9      | Reached skill level 1 in Fire Magic
 11527 | D:9      | Found a transporter.
 12183 | D:9      | Identified the +1 arbalest of Woucarch {penet, *Corrode rC+
                  | Int+4}
 12670 | D:9      | Found a transporter.
 12688 | D:9      | Found a transporter.
 12826 | D:9      | Found a transporter.
 12828 | D:9      | Found a transporter.
 12864 | D:9      | Found a transporter.
 12940 | D:9      | Noticed a two-headed ogre
 12946 | D:9      | Killed a two-headed ogre
 12947 | D:9      | Reached skill level 5 in Dodging
 12947 | D:9      | Reached skill level 5 in Ice Magic
 13213 | D:9      | Noticed an orc knight
 13219 | D:9      | Killed an orc knight
 13544 | D:10     | Entered Level 10 of the Dungeon
 13591 | D:10     | Noticed a two-headed ogre
 13594 | D:10     | Killed a two-headed ogre
 13796 | D:10     | Reached XP level 12. HP: 33/97 MP: 19/25
 14339 | D:10     | Noticed Lodul
 14344 | D:10     | Killed Lodul
 14470 | D:10     | Found Inioj's CLEARANCE SALE!.
 14681 | D:10     | Reached skill level 1 in Armour
 14762 | D:10     | Identified the +9 sling of Blood {heavy, rC+ rCorr}
 14883 | D:10     | Found a staircase to the Orcish Mines.
 15180 | D:11     | You fall into a shaft and drop 3 floors!
 15185 | D:13     | Noticed a vault guard
 15185 | D:13     | Noticed a vault guard
 15185 | D:13     | Noticed a vault guard
 15185 | D:13     | Noticed a vault guard
 15185 | D:13     | Found a gate to the Vaults.
 15186 | D:13     | Noticed a centaur warrior
 15656 | D:11     | Found a staircase to the Lair.
 16168 | D:11     | Learned a level 4 spell: Manifold Assault
 16225 | Lair:1   | Entered Level 1 of the Lair of Beasts
 16483 | Lair:1   | Reached skill level 1 in Shields
 16619 | Lair:1   | You fall into a shaft and drop 1 floor!
 17694 | Lair:2   | Reached XP level 13. HP: 95/105 MP: 16/27
 17803 | Lair:2   | Found a transporter.
 17805 | Lair:2   | Found a transporter.
 18029 | Lair:2   | Noticed Maggie
 18034 | Lair:2   | Killed Maggie
 18175 | Lair:2   | Noticed Amaemon
 18180 | Lair:2   | Killed Amaemon
 18368 | Lair:2   | Found a staircase to the Snake Pit.
 18733 | Lair:2   | Noticed Patrick2011b's ghost (journeyman DrAE)
 18792 | Lair:2   | Killed Patrick2011b's ghost
 18796 | Lair:2   | Reached skill level 5 in Translocations
 18945 | Lair:3   | Found a frozen archway.
 18951 | IceCv    | Entered an ice cave
 20036 | Lair:3   | Found a staircase to the Swamp.
 21212 | Lair:4   | Found a runed translucent gate.
 21212 | Lair:4   | Found a runed translucent gate.
 21212 | Lair:4   | Found a runed translucent gate.
 21221 | Lair:4   | Noticed rozman's ghost (journeyman TeFE)
 21232 | Lair:4   | Found a gate leading to a gauntlet.
 21249 | Gauntlet | Entered a Gauntlet
 21249 | Gauntlet | Found a transporter.
 21269 | Gauntlet | Found a transporter.
 21275 | Gauntlet | Found a transporter.
 21283 | Gauntlet | Found a transporter.
 21302 | Gauntlet | Found a transporter.
 21319 | Gauntlet | Found a transporter.
 21349 | Gauntlet | Found a transporter.
 21354 | Gauntlet | Found a transporter.
 21356 | Gauntlet | Found a transporter.
 21381 | Gauntlet | Found a transporter.
 21386 | Gauntlet | Found a transporter.
 21390 | Gauntlet | Found a transporter.
 21413 | Gauntlet | Found a transporter.
 21418 | Gauntlet | Found a transporter.
 21420 | Gauntlet | Found a transporter.
 21445 | Gauntlet | Found a transporter.
 21450 | Gauntlet | Found a transporter.
 21500 | Gauntlet | Found a transporter.
 21672 | Gauntlet | Identified the ring "Kuxudiav" {rElec rF+}
 21780 | Gauntlet | Identified the +2 pair of boots of the Lotus Blossom {Drain
                  | Will+ Str+2 Dex+3}
 21815 | Gauntlet | Found the +8 trishula "Condemnation" {holy, anguish, *Noise
                  | Fly rN+}
 21815 | Gauntlet | Noticed a minotaur
 21823 | Gauntlet | Killed a minotaur
 21982 | Lair:4   | Found a staircase to the Slime Pits.
 22177 | Lair:4   | Reached XP level 14. HP: 103/116 MP: 0/28
 22918 | Lair:4   | Noticed Rangus's ghost (journeyman VSBr)
 22918 | Lair:4   | Noticed Hapn's ghost (journeyman DEFE)
 22919 | Lair:4   | Noticed monsoonserge's ghost (journeyman HOFi)
 22938 | Lair:4   | Killed Rangus's ghost
 22939 | Lair:4   | Killed Hapn's ghost
 22959 | Lair:4   | Killed rozman's ghost
 22963 | Lair:4   | Killed monsoonserge's ghost
 23108 | Lair:5   | Entered Level 5 of the Lair of Beasts
 23149 | Lair:5   | Reached skill level 5 in Armour
 23164 | Lair:5   | Reached skill level 6 in Ice Magic
 23340 | Lair:5   | Acquired 703 gold pieces
 25522 | D:1      | Bought a potion of attraction for 33 gold pieces
 25522 | D:1      | Bought a potion of brilliance for 44 gold pieces
 25522 | D:1      | Bought a potion of invisibility for 88 gold pieces
 25522 | D:1      | Bought a potion of brilliance for 44 gold pieces
 25795 | Orc:1    | Entered Level 1 of the Orcish Mines
 25888 | Orc:1    | Noticed Gastronok
 25898 | Orc:1    | Killed Gastronok
 26369 | Orc:2    | Entered Level 2 of the Orcish Mines
 26372 | Orc:2    | Noticed Rupert
 26378 | Orc:2    | Killed Rupert
 26400 | Orc:2    | Reached XP level 15. HP: 125/125 MP: 21/31
 26788 | Orc:2    | Found a staircase to the Elven Halls.
 26949 | Orc:2    | Reached skill level 10 in Axes
 27130 | Orc:2    | Reached skill level 5 in Shields
 27137 | Orc:2    | Reached skill level 7 in Ice Magic
 27357 | Orc:2    | Found Unel's Distillery.
 27357 | Orc:2    | Found Leylar's Book Shop.
 27358 | Orc:2    | Found Vuopriuj's General Store.
 27358 | Orc:2    | Found Tufico's General Store.
 27366 | Orc:2    | Bought a potion of degeneration for 18 gold pieces
 27371 | Orc:2    | Bought a scroll of amnesia for 52 gold pieces
 27381 | Orc:2    | Bought the Folio of Transportation for 420 gold pieces
 27381 | Orc:2    | Bought a book of Vapours for 364 gold pieces
 27386 | Orc:2    | Learned a level 4 spell: Passage of Golubria
 27454 | Orc:2    | Bought a potion of brilliance for 72 gold pieces
 27454 | Orc:2    | Bought a potion of heal wounds for 90 gold pieces
 27816 | D:12     | Found a portal to a secret trove of treasure.
 29437 | D:14     | Reached skill level 10 in Fighting
 30122 | D:15     | Entered Level 15 of the Dungeon
 30449 | D:15     | Noticed Louise
 30459 | D:15     | Killed Louise
 30830 | D:15     | Learned a level 5 spell: Freezing Cloud
 31108 | D:15     | Found a staircase to the Depths.
 31503 | Snake:1  | Entered Level 1 of the Snake Pit
 31556 | Snake:1  | Noticed Aizul
 31566 | Snake:1  | Killed Aizul
 31567 | Snake:1  | Reached skill level 8 in Ice Magic
 32293 | Snake:1  | Reached XP level 16. HP: 103/135 MP: 16/34
 33509 | Snake:2  | Learned a level 2 spell: Wereblood
 33538 | Snake:2  | Reached skill level 9 in Ice Magic
 33807 | Snake:2  | Identified the +0 chain mail "Nausoefuk" {rPois Will+ MP+9}
 33990 | Snake:2  | Found Erampawu's Jewellery Boutique.
 33992 | Snake:2  | Found Avokad's Book Emporium.
 33993 | Snake:2  | Found Udir's Jewellery Boutique.
 34053 | Snake:3  | Reached skill level 10 in Spellcasting
 34136 | Snake:3  | Reached XP level 17. HP: 144/144 MP: 36/36
 34620 | Snake:3  | Reached skill level 10 in Ice Magic
 35965 | Snake:4  | Entered Level 4 of the Snake Pit
 36216 | Snake:4  | Noticed Mlioglotl
 36234 | Snake:4  | Killed Mlioglotl
 36431 | Snake:4  | Noticed a quicksilver dragon
 36432 | Snake:4  | Killed a quicksilver dragon
 36432 | Snake:4  | Noticed a quicksilver dragon
 36435 | Snake:4  | Killed a quicksilver dragon
 36443 | Snake:4  | Reached skill level 11 in Ice Magic
 37039 | Snake:4  | Reached XP level 18. HP: 122/152 MP: 13/38
 37418 | Snake:4  | Got a serpentine rune of Zot
 37733 | Swamp:1  | Entered Level 1 of the Swamp
 37896 | Swamp:1  | Learned a level 7 spell: Ozocubu's Refrigeration
 39452 | Swamp:3  | Found a transporter.
 39472 | Swamp:3  | Found a transporter.
 40117 | Snake:2  | Bought the ring "Qoepnox" {Ice rN+} for 506 gold pieces
 40425 | Swamp:4  | Entered Level 4 of the Swamp
 40508 | Swamp:4  | Reached skill level 12 in Ice Magic
 42186 | Swamp:4  | Got a decaying rune of Zot
 42508 | D:12     | You paid a toll of 14 potions of curing to enter a treasure
                  | trove
 42509 | Trove    | Entered a treasure trove
 42516 | Trove    | Identified the +1 helmet of Lamomeump {Int+5}
 42521 | Trove    | Identified the ring "Nusimoh" {rC- rN++ rCorr Int+6}
 42527 | Trove    | Identified the +1 bardiche of Dacurisch {flame, Fly rCorr
                  | Int-3 Dex+3}
 42536 | Trove    | Identified the +1 pair of boots of Dowdy Leaves {rElec
                  | Str+2}
 42537 | Trove    | Identified the ring of the Rabble {rF+ rCorr}
 42719 | Vaults:1 | Entered Level 1 of the Vaults
 43202 | Vaults:1 | Reached skill level 13 in Ice Magic
 43202 | Vaults:1 | Reached XP level 19. HP: 142/161 MP: 10/39
 44286 | Vaults:1 | Acquired the staff of fire "Xecepn" {rPois rF+ rN+ Str+5
                  | Int+3}
 45072 | Vaults:2 | Reached skill level 10 in Shields
 45328 | Vaults:2 | Found a staircase to the Crypt.
 45403 | Vaults:2 | Reached skill level 10 in Dodging
 45633 | Vaults:2 | Reached skill level 14 in Ice Magic
 47408 | Vaults:3 | Reached skill level 15 in Ice Magic
 47424 | Vaults:3 | Reached XP level 20. HP: 164/173 MP: 13/40
 47441 | Vaults:3 | Noticed a golden dragon
 47981 | Vaults:3 | Killed a golden dragon
 49422 | Vaults:4 | Reached skill level 5 in Stealth
 50692 | Vaults:4 | Found Itsepoir's Antique Weapon Boutique.
 51827 | Elf:1    | Entered Level 1 of the Elven Halls
 52036 | Elf:1    | Reached skill level 16 in Ice Magic
 52288 | Elf:1    | Found a runed translucent gate.
 52288 | Elf:1    | Found a runed translucent gate.
 52288 | Elf:1    | Found a runed translucent gate.
 52958 | Elf:1    | Reached XP level 21. HP: 177/182 MP: 25/42
 53046 | Elf:1    | Identified the +10 long sword "Sote" {flame, rElec rPois
                  | Str-2 Int+4}
 53269 | Elf:1    | Noticed Drunn's ghost (adept DsEE)
 53270 | Elf:1    | Found Aniorum's Assorted Antiques.
 53272 | Elf:1    | Found Henouck's Assorted Antiques.
 53320 | Elf:1    | Killed Drunn's ghost
 53581 | Elf:1    | Bought a potion of curing for 123 gold pieces
 53961 | Elf:2    | Found a runed translucent gate.
 53961 | Elf:2    | Found a runed translucent gate.
 53978 | Elf:2    | Found a runed translucent gate.
 53991 | Elf:2    | Found Koz Bymu's Magic Scroll Shoppe.
 54152 | Elf:2    | Found Sexyik's Book Shoppe.
 54157 | Elf:2    | Bought a manual of Ice Magic for 1600 gold pieces
 54173 | Elf:2    | Found Telly's Distillery.
 54190 | Elf:2    | Identified the +1 scale mail of the Special Beggars {rF+
                  | rC+ Will+ Int+2}
 54319 | Elf:2    | Found Yxegh's Antique Weapon Shop.
 55374 | Elf:3    | Entered Level 3 of the Elven Halls
 55648 | Elf:3    | Found Meotet's Elven Fire.
 55803 | Elf:3    | Reached skill level 17 in Ice Magic
 55889 | Elf:3    | Reached skill level 15 in Axes
 56028 | Elf:3    | Found Guyjairch's Antique Armour Boutique.
 56038 | Elf:3    | Bought a runed kite shield for 315 gold pieces
 56508 | Elf:3    | Found the +8 frozen axe "Frostbite" {freeze, freezing
                  | cloud, *Noise Fly rC+}
 56516 | Elf:3    | Identified the ring "Omosig" {rN+ Will+}
 56532 | Elf:3    | Identified the staff of earth "Gihef" {Str+3}
 56540 | Elf:3    | Identified the +4 dagger of the Stork {elec, rN+}
 56557 | Elf:3    | Identified the amulet "Qanlita" {RegenMP rPois}
 56652 | Elf:3    | Got the Spellbook of Transposed Burning
 56683 | Elf:3    | Identified the amulet "Fept" {Reflect Str+3 SH+5}
 56685 | Elf:3    | Identified the staff of fire "Pot Udu" {rPois rF+ Dex+3}
 56693 | Elf:3    | Identified the ring of Beauty {Drain rPois rF+ rN+ Int+2}
 56696 | Elf:3    | Got the Elucidation of Attacks and Putridity
 56756 | Elf:3    | Acquired 959 gold pieces
 57203 | Vaults:5 | Entered Level 5 of the Vaults
 57569 | Vaults:5 | Identified the +1 robe of Okawaru's Reproof {Slay+2}
 57666 | Vaults:5 | Identified the +5 hand axe of Accidental Termination
                  | {spect, Str+3}
 57666 | Vaults:5 | Identified the ring "Tiraseityl" {Ice Str+4 Int+5}
 57688 | Vaults:5 | Reached skill level 18 in Ice Magic
 57694 | Vaults:5 | Reached skill level 15 in Fighting
 57712 | Vaults:5 | Noticed Mennas
 57767 | Vaults:5 | Identified the amulet of the Tuna {Spirit rPois}
 58508 | Crypt:1  | Entered Level 1 of the Crypt
 58525 | Crypt:1  | Identified the +1 leather armour of Hedge Wizardry {rC+
                  | rCorr Str+2}
 58794 | Crypt:1  | Reached XP level 22. HP: 192/192 MP: 39/44
 59812 | Crypt:1  | Reached skill level 10 in Armour
 59983 | Crypt:1  | Noticed a royal mummy
 59990 | Crypt:1  | Killed a royal mummy
 60541 | Crypt:2  | Noticed Frederick
 60710 | Crypt:2  | Killed Frederick
 61294 | Crypt:2  | Reached skill level 19 in Ice Magic
 61527 | Crypt:2  | Found the +3 giant club "Skullcrusher" {speed, Str+7}
 61890 | Crypt:3  | Entered Level 3 of the Crypt
 61903 | Crypt:2  | Learned a level 9 spell: Polar Vortex
 62871 | Crypt:3  | Noticed a curse toe
 62880 | Crypt:3  | Killed a curse toe
 63507 | Crypt:3  | Identified the ring "Zurollub" {rC+ rN+ Int-3 Slay+2}
 63507 | Crypt:3  | Identified the ring of Xiseogry {rC+ rN+ Will+}
 63507 | Crypt:3  | Identified the ring "Faperch" {rN+ Int+4 Slay+2}
 63512 | Crypt:3  | Got the Folio of Amorphous Glaciation
 63612 | Crypt:3  | Identified the ring of Rationality {Ice Str+6}
 64392 | Crypt:3  | Found a staircase to the Tomb.
 64641 | Vaults:5 | Killed Mennas
 64642 | Vaults:5 | Reached skill level 20 in Ice Magic
 64688 | Vaults:5 | Identified the +7 morningstar "Veumun" {flame, *Slow rF+
                  | rN+ Dex+5}
 64688 | Vaults:5 | Identified the +1 leather armour of Winter {Contam rN+
                  | Int+6}
 65454 | Vaults:5 | Got a silver rune of Zot
 65572 | Vaults:5 | Reached XP level 23. HP: 202/202 MP: 32/46
 65957 | Vaults:5 | Identified the staff of fire "Ynog" {rElec rF+ rC+}
 66155 | Vaults:5 | Noticed a dread lich
 66164 | Vaults:5 | Killed a dread lich
 66568 | Vaults:5 | Noticed Mara
 66572 | Vaults:5 | Killed Mara
 67242 | Slime:1  | Entered Level 1 of the Pits of Slime
 68936 | Slime:3  | Reached skill level 5 in Transmutations
 69436 | Slime:5  | Entered Level 5 of the Pits of Slime
 70135 | Slime:5  | Noticed the Royal Jelly
 70140 | Slime:5  | Killed the Royal Jelly
 70355 | Slime:5  | Found the +13 scythe of Curses {drain, curses, Drain}
 70361 | Slime:5  | Got a slimy rune of Zot
 70369 | Slime:5  | Identified the scarf of Springtime {repulsion, Rampage
                  | Dex+2}
 70372 | Slime:5  | Got the Commentary on the Wendigo
 70385 | Slime:5  | Identified the staff of fire "Noufros" {*Slow rF+ rN+ Str+7
                  | Dex-5}
 70418 | Slime:5  | Identified the ring "Lostresch" {Fly rC+ Dex+3 Stlth+}
 70433 | Slime:5  | Identified the +1 hand crossbow of Xanil {penet, rC+}
 70447 | Slime:5  | Got the Secrets of the Atmospheric Sun
 70462 | Slime:5  | Identified the +6 morningstar of Yesterday {pain, rElec
                  | rCorr Int-5 Stlth+}
 71688 | Depths:1 | Entered Level 1 of the Depths
 71765 | Depths:1 | Found a magical portal.
 71774 | WizLab   | Entered Eringya's Formal Garden
 72020 | WizLab   | Identified the staff of fire "Etwuli" {rF+ Str+8 Dex-4}
 72119 | WizLab   | Reached skill level 21 in Ice Magic
 72124 | WizLab   | Reached skill level 15 in Armour
 72213 | WizLab   | Reached skill level 5 in Necromancy
 72616 | WizLab   | Reached XP level 24. HP: 214/214 MP: 33/46
 72873 | Depths:1 | Found a runed translucent gate.
 72873 | Depths:1 | Found a runed translucent gate.
 72873 | Depths:1 | Found a runed translucent gate.
 72874 | Depths:1 | Noticed Poanarph's ghost (veteran GrVM)
 72892 | Depths:1 | Killed Poanarph's ghost
 72925 | Depths:1 | Identified the ring of the Firefly {Will- AC+4 Int+5}
 73040 | Depths:1 | Found The Oracle's Delphic Readings.
 73046 | Depths:1 | Bought a scroll of blinking for 157 gold pieces
 73281 | Depths:1 | Identified the ring of the Loving Gods {rC++ rCorr Str+2
                  | Dex+5}
 73504 | Depths:1 | Found a gateway to Hell.
 73665 | Depths:2 | Noticed Polaczum's ghost (adept TrMo)
 73670 | Depths:2 | Found a transporter.
 73672 | Depths:2 | Found a transporter.
 73672 | Depths:2 | Noticed an ancient lich
 73673 | Depths:2 | Noticed a dread lich
 74262 | Depths:2 | Found a one-way gate to the infinite horrors of the Abyss.
 74383 | Depths:2 | Found a runed translucent door.
 74450 | Depths:2 | Found a runed translucent door.
 74455 | Depths:2 | Identified the +7 chain mail "Latyu" {Will+}
 74552 | Depths:2 | Identified the +7 dagger "Harchog" {antimagic, Int+5 Dex-3}
 74722 | Depths:2 | Identified the +10 glaive of Wondrous Power {heavy, Will+++
                  | Str-5 Int+6}
 74791 | Depths:2 | Noticed a dread lich
 74808 | Depths:2 | Killed a dread lich
 75210 | Depths:2 | Found a one-way gate leading to the halls of Pandemonium.
 75449 | Depths:2 | Killed Polaczum's ghost
 75449 | Depths:2 | Killed a dread lich
 75451 | Depths:2 | Killed an ancient lich
 75532 | Depths:2 | Identified the +0 plate armour "Agynos" {rPois rN+}
 75533 | Depths:2 | Identified the +0 pair of gloves of Bicir {rN+}
 75578 | Depths:3 | Reached skill level 10 in Stealth
 75904 | Depths:3 | Noticed Grunn
 75906 | Depths:3 | Identified the ring "Baycenlu" {Ice +Blink Fly Stlth+}
 75906 | Depths:3 | Noticed Josephina
 75912 | Depths:3 | Killed Grunn
 76203 | Depths:3 | Killed Josephina
 76259 | Depths:3 | Found the +8 Vampire's Tooth {megavamp}
 76301 | Depths:3 | Found a flickering gateway to a bazaar.
 76307 | Bazaar   | Entered a bazaar
 76381 | Bazaar   | Found Fouzon's Distillery.
 76382 | Bazaar   | Found Iwia's Jewellery Emporium.
 76405 | Bazaar   | Bought a potion of curing for 30 gold pieces
 76405 | Bazaar   | Bought a potion of ambrosia for 80 gold pieces
 76405 | Bazaar   | Bought a potion of mutation for 80 gold pieces
 76405 | Bazaar   | Bought 2 potions of might for 80 gold pieces
 76405 | Bazaar   | Bought a potion of magic for 80 gold pieces
 76425 | Bazaar   | Found Fixodorau's Antique Armour Shoppe.
 76425 | Bazaar   | Found Pevueli's Assorted Antiques.
 76447 | Bazaar   | Bought a slimy ring mail for 216 gold pieces
 76447 | Bazaar   | Identified the +0 ring mail "Vunuss" {Int+3 Slay+3 Stlth+}
                  | (You bought it in a shop in a bazaar)
 76447 | Bazaar   | Bought a scroll of magic mapping for 180 gold pieces
 76459 | Bazaar   | Bought a slimy robe for 153 gold pieces
 76459 | Bazaar   | Identified the +2 robe of Iczug {Int+7} (You bought it in a
                  | shop in a bazaar)
 77027 | Depths:3 | Reached XP level 25. HP: 213/225 MP: 9/46
 77469 | Depths:4 | Entered Level 4 of the Depths
 77471 | Depths:4 | Found a one-way gateway to a ziggurat.
 77503 | Depths:4 | Noticed a juggernaut
 77512 | Depths:4 | Killed a juggernaut
 77513 | Depths:4 | Reached skill level 22 in Ice Magic
 78491 | Depths:4 | Found a gate to the Realm of Zot.
 78711 | Zot:1    | Entered Level 1 of the Realm of Zot
 79883 | Zot:1    | Noticed wingedge's ghost (veteran DgEE)
 79899 | Zot:1    | Found a runed translucent door.
 79965 | Zot:1    | Killed wingedge's ghost
 81378 | Zot:1    | Noticed a dread lich
 81384 | Zot:1    | Killed a dread lich
 81398 | Zot:1    | Noticed a dread lich
 81417 | Zot:1    | Killed a dread lich
 81431 | Zot:1    | Noticed a dread lich
 81444 | Zot:1    | Killed a dread lich
 81492 | Zot:1    | Noticed a dread lich
 81509 | Zot:1    | Killed a dread lich
 81559 | Zot:1    | Got the Annotations on the Map and Accomplices
 81561 | Zot:1    | Identified the +0 spear "Owi Emue" {drain, rElec rC+ rCorr
                  | Int-2}
 81863 | Zot:2    | Reached skill level 10 in Transmutations
 81890 | Zot:2    | HP: 5/228 [poisoned by a death drake (dark miasma)]
 82474 | Zot:2    | Reached skill level 15 in Dodging
 83065 | Zot:3    | Reached skill level 10 in Necromancy
 83390 | Zot:3    | Reached XP level 26. HP: 209/238 MP: 27/46
 84707 | Zot:4    | Noticed an orb of fire
 84712 | Zot:4    | Noticed an orb of fire
 84722 | Zot:4    | Gained mutation: Your flesh is cold resistant. (rC+) [an
                  | orb of fire]
 84724 | Zot:4    | Gained mutation: You are frail. (-10% HP) [an orb of fire]
 84728 | Zot:4    | Killed an orb of fire
 84728 | Zot:4    | Killed an orb of fire
 84842 | Zot:4    | Lost mutation: Your flesh is cold resistant. (rC+) [potion
                  | of mutation]
 84842 | Zot:4    | Lost mutation: You are frail. (-10% HP) [potion of
                  | mutation]
 84842 | Zot:4    | Gained mutation: You have sharp fingernails. [potion of
                  | mutation]
 85066 | Zot:4    | Identified the +2 flail of Yredelemnul's Fury {drain, rPois
                  | Will- Int+3 Dex+4}
 85908 | Zot:5    | Entered Level 5 of the Realm of Zot
 86049 | Zot:5    | Found a runed translucent gate.
 86049 | Zot:5    | Found a runed translucent gate.
 86049 | Zot:5    | Found a runed translucent gate.
 86049 | Zot:5    | Noticed Loveship's ghost (legendary DsCj)
 86498 | Zot:5    | Killed Loveship's ghost
 86560 | Zot:5    | Reached skill level 23 in Ice Magic
 86828 | Zot:5    | Learned a level 8 spell: Necromutation
 86916 | Zot:5    | Noticed a dread lich
 86934 | Zot:5    | Killed a dread lich
 86952 | Zot:5    | Noticed an ancient lich
 86953 | Zot:5    | Noticed an orb of fire
 86953 | Zot:5    | Noticed an ancient lich
 86954 | Zot:5    | Gained mutation: You occasionally shout uncontrollably at
                  | your foes. [an orb of fire]
 86955 | Zot:5    | Noticed an orb of fire
 86955 | Zot:5    | Noticed a dread lich
 86957 | Zot:5    | Noticed an orb of fire
 87194 | Zot:5    | Killed an ancient lich
 87229 | Zot:5    | Killed an orb of fire
 87230 | Zot:5    | Killed a dread lich
 87232 | Zot:5    | Killed an orb of fire
 87236 | Zot:5    | Killed from afar by an orb of fire

Illustrated notes

Levels and vault maps discovered:
D:1:      ncdulo_watergridlock, layout_basic, dreamdust_ecumenical_altar_grove,
          serial_shops, shop
D:2:      layout_basic, serial_shops, shop, basic_altar,
          corexii_leaking_fountain, st_stairs_5, minmay_bisected
D:3:      layout_basic, nicolae_overflow_ecumenical_swirl,
          amcnicky_mini_corridor_feature, kennysheep_generic_room_4
D:4:      layout_basic, kennysheep_slug_shrine, minmay_temple_entry_water_ring,
          serial_aquarium, aquarium_bridge_straight [aquarium_subvault_bridge,
          aquarium_subvault_wall, aquarium_subvault_bridge,
          aquarium_subvault_wall], aquarium_bridge_long_joined
          [aquarium_subvault_bridge, aquarium_subvault_wall,
          aquarium_subvault_bridge, aquarium_subvault_bridge,
          aquarium_subvault_window, aquarium_subvault_window],
          aquarium_window_corridor_3, aquarium_window_fake, aquarium_window_2,
          aquarium_window_fake, aquarium_view_4, aquarium_view_2c,
          aquarium_pool_split, minmay_misc_feat_roman, minmay_misc_feat_rugged
D:5:      layout_cave_pools, palyth_temple_overflow_mages, bloody_trog
D:6:      layout_basic
D:7:      nzn_winding_woodlands_medium [nzn_winding_woodlands_hourglass,
          nzn_winding_woodlands_5x15_eye, nzn_winding_woodlands_5x5_default,
          nzn_winding_woodlands_5x5_perimeter,
          nzn_winding_woodlands_center_garden,
          nzn_winding_woodlands_5x5_checkerboard,
          nzn_winding_woodlands_5x5_three, nzn_winding_woodlands_5x15_pool,
          nzn_winding_woodlands_5x5_open_star], layout_loops_ring
D:8:      cheibrodos_fertilizer, layout_layer_cave, enter_bailey_3, st_stairs_5,
          uniq_joseph
D:9:      minmay_the_grid_3x2 [minmay_the_grid_minigrid_small,
          minmay_the_grid_aliased_spiral, minmay_the_grid_minigrid_medium,
          minmay_the_grid_armoury, minmay_the_grid_small_cups,
          minmay_the_grid_prize_four_corners], layout_rooms,
          grunt_gozag_breadcrumbs, yredelemnul_altar_generic,
          chequers_hall_statues_y, serial_nicolae_subway,
          nicolae_sub_station_crystal, nicolae_sub_station_metal,
          nicolae_sub_station_stone
D:10:     minmay_thinvault, layout_irregular_city, kennysheep_mini_moat,
          nicolae_overflow_crystal_walls, erik_orc_2, serial_column_ruins,
          column_ruins_grid_1, column_ruins_grid_1, column_ruins_grid_2,
          column_ruins_grid_1, nicolae_shop_clearance, uniq_lodul
D:11:     layout_rooms, david_lair_generic, okawaru_ov_weapons_minmay
D:12:     layout_loops_ring, trove_entry_hex_spiral, special_room
          [special_room_orc]
D:13:     layout_basic, lightli_vaults_fourway_checkpoint
D:14:     layout_rooms, minivault_5, elyvilon_altar_1
D:15:     grunt_enter_depths_snipers, layout_cross, minivault_4, uniq_louise
Lair:1:   layout_cave_pods, serial_rivers, chequers_serial_rivers_large_a,
          chequers_serial_rivers_micro_b, chequers_serial_rivers_small_3,
          chequers_serial_rivers_micro_d, lemuel_old_faithful
Lair:2:   gammafunk_indiana_jones, layout_small_grid, gammafunk_ghost_hive,
          uniq_amaemon, uniq_maggie
Lair:3:   layout_gridlike, swamp_mist, portal_ice_cave_entry_pillars_1,
          grunt_megastairs_2
Lair:4:   layout_hall_layers, minmay_slime_entry_oklob_open,
          gauntlet_entry_generic, gammafunk_ghost_cemetery,
          chequers_serial_rivers_room_a, lemuel_fruit_fields
Lair:5:   minmay_lair_end_enchanted_forest, layout_regular_city
Swamp:1:  layout_basic_swamp, wheals_swamp_sinkhole
Swamp:2:  layout_basic_swamp, evilmike_swamp_ruin_house_3, swamp_pool1
Swamp:3:  gammafunk_sealed_arena, layout_basic_swamp, evilmike_swamp_ruin_wall,
          swamp_pool4
Swamp:4:  swamp_basic_johnstein, layout_basic_swamp, infiniplex_staircase_pool
Snake:1:  layout_misc_corridors, nicolae_snake_coiling_death, uniq_aizul
Snake:2:  layout_basic, minmay_shop_grove
Snake:3:  layout_misc_corridors, serial_bayou_shore_b
Snake:4:  hellmonk_snake_rune_quicksilver_temple, layout_rooms, uniq_mlioglotl
Slime:1:  layout_caves
Slime:2:  layout_caves, nicolae_slime_crime_time
Slime:3:  layout_caves
Slime:4:  layout_caves
Slime:5
Orc:1:    nicolae_orc_accident_1, layout_diamond_mine, uniq_gastronok
Orc:2:    st_orc_elflike, layout_diamond_mine, nicolae_orc_sculptors_studio,
          kennysheep_orc_chapel, uniq_rupert
Elf:1:    layout_geoelf_grid, ebering_ghost_gozag, minivault_28,
          roderic_lattice_octagonal_star
Elf:2:    elven_hall_of_blades_hangedman_original
          [nicolae_blade_entry_diamond_columns], layout_rooms, serial_shops,
          nicolae_shop_hallway_plus, nicolae_diamond_shop, nicolae_shop_crystal,
          nicolae_take_the_stairs
Elf:3:    minmay_elf_hall, layout_geoelf_octagon, serial_shops,
          nicolae_shop_tiny_waterfront, guppyfry_elf_lava
Vaults:1: vaults_mumra_hexcomb, nicolae_vaults_little_guard_posts,
          nicolae_vaults_tetromino_T_1, vaults_room_boxed, hangedman_vaults_hat,
          nicolae_vaults_variable_pillar_hall, layout_vaults_chaotic_city
Vaults:2: v_misc_30, v_rooms_1, nicolae_vaults_network_quincunx
          [nicolae_vaults_network_quincunx_subvault,
          nicolae_vaults_network_quincunx_subvault,
          nicolae_vaults_network_quincunx_subvault,
          nicolae_vaults_network_quincunx_subvault,
          nicolae_vaults_network_quincunx_subvault],
          nicolae_vaults_doubleplus_tesselated, hangedman_vaults_river_flow,
          nicolae_vaults_storage_closets_2, v_alt_pattern_3, serial_ice_h,
          nicolae_vaults_tetromino_L_1, ontoclasm_vaults_loading_screen,
          nicolae_vaults_little_squares_5, nicolae_vaults_layer_cake_slice,
          layout_vaults_maze_snakey, minmay_crypt_entry_necro_gods
Vaults:3: hangedman_vaults_capsules, nicolae_vaults_heart-shaped_vault,
          v_misc_16, nicolae_vaults_little_squares_4,
          nicolae_vaults_network_square, ontoclasm_vaults_chip,
          nicolae_vaults_storage_closets_3, st_lattice,
          nicolae_vaults_trapezoid_3, vaults_dpeg_emergency_exit,
          ontoclasm_vaults_chip, layout_vaults_omnigrid
Vaults:4: nicolae_vaults_sesquioval_fish, st_spiral_rooms, serial_ice_b,
          v_pattern_2, vaults_dpeg_hooks, v_misc_32, vaults_mumra_hex,
          nicolae_vaults_wine_cellar, nicolae_vaults_sesquioval_fish,
          ontoclasm_vaults_decontamination, ontoclasm_vaults_fault, v_misc_15,
          nicolae_vaults_specimen_jars, nicolae_vaults_little_squares_6,
          ontoclasm_vaults_idyll, grunt_vaults_bifocal, layout_vaults_omnibox,
          serial_shops, shop
Vaults:5: serial_shops, uniq_mara, uniq_margery, uniq_mennas
Crypt:1:  lemuel_minitomb, layout_basic, minmay_misc_feat_alley
Crypt:2:  layout_basic, st_stairs_13, minmay_guarded_unrand_skullcrusher,
          uniq_frederick
Crypt:3:  lightli_unholy_cathedral, layout_chaotic_city,
          nicolae_tomb_entry_rubble_hallway,
          lemuel_mausoleum_altar_kikubaaqudgha
Depths:1: layout_gridville, hell_entry, infiniplex_enter_wizlab_water,
          ebering_ghost_rock_garden, nicolae_wwwww, nicolae_nh_oracle_at_delphi
Depths:2: minmay_expanding_circles, layout_gridlike, abyss_entry,
          gammafunk_ghost_mausoleum, grunt_mini_vestibule, special_room
          [special_room_morgue], rand_demon_pan_entry_1,
          nicolae_uskayaw_dance_hall, infiniplex_staircase_pillars_3a
Depths:3: minmay_connected_boxes_in_corner, layout_cave_pools, serial_shops,
          bzr_entry_water, nicolae_abyss_entry_one_way_or_another, hell_entry,
          nicolae_hepliaklqana_monster_ancestors, uniq_grunn, uniq_josephina
Depths:4: grunt_zot_entry_hairpin, layout_cave_pools, enter_ziggurat_d,
          pf_hell_entry_tar_river, nicolae_ru_awakened_eye,
          fedhas_altar_fruit_tree
Zot:1:    hellmonk_paralyzer, layout_gridlike, hellmonk_ghost_happy_afterlife,
          st_stairs_6
Zot:2:    layout_basic
Zot:3:    layout_gridlike
Zot:4:    layout_basic, lemuel_lake_of_fire
Zot:5:    layout_gridlike, ebering_ghost_rock_garden, skrybe_zot_glass_1

Skill      XL: |  1  2  3  4  5  6  7  8  9 10 11 12 13 14 15 16 17 18 19 20 21 22 23 24 25 26 |
---------------+-------------------------------------------------------------------------------+-----
Fighting       | 2 3 4 5 6 7 8 9 10 11 12 13 14 15 16 17 18 19 20 | 20.0
Air Magic      | 1 2 3 4 5 6 7 8 9 |  9.0
Spellcasting   | 2 3 5 6 7 9 10 11 12 13 | 13.0
Necromancy     | 1 2 5 7 10 12 | 12.8
Axes           | 1 2 5 6 7 8 9 10 11 12 13 14 15 16 17 18 | 18.0
Poison Magic   | 2 3 5 6 |  6.0
Conjurations   | 5 6 7 8 9 |  9.0
Dodging        | 3 4 5 6 7 8 9 10 11 13 14 15 | 15.5
Stealth        | 3 4 5 8 10 11 | 11.0
Ice Magic      | 3 4 5 6 8 9 11 13 15 16 18 20 21 22 23 | 23.1
Translocations | 2 4 5 7 |  7.0
Transmutations | 3 4 6 7 10 13 | 13.2
Fire Magic     | 3 4 |  4.0
Armour         | 2 4 6 7 8 9 12 15 16 17 | 17.0
Shields        | 1 4 6 8 9 10 11 12 | 12.0
Evocations     | |  1.0

Action                     |  1- 3 |  4- 6 |  7- 9 | 10-12 | 13-15 | 16-18 | 19-21 | 22-24 | 25-27 || total
---------------------------+-------+-------+-------+-------+-------+-------+-------+-------+-------++-------
  Melee: Spear             |     7 |     6 |       |       |       |       |       |       |       ||    13
         Dagger            |     1 |       |       |       |       |       |       |       |       ||     1
         War axe           |       |    35 |   187 |   423 |   677 |   523 |   780 |       |       ||  2625
         Punch             |       |     2 |     2 |     2 |       |       |       |       |       ||     6
         Broad axe         |       |       |       |       |       |       |    76 |   668 |   323 ||  1067
         Staff             |       |       |       |       |       |       |    19 |    15 |    11 ||    45
  Throw: Dart              |     1 |     1 |       |       |       |       |       |       |       ||     2
   Cast: Shock             |    71 |    41 |     8 |     3 |       |       |       |       |       ||   123
         Searing Ray       |     1 |    17 |    20 |     9 |       |       |       |       |       ||    47
         Poisonous Vapours |       |    14 |    13 |   189 |   236 |    53 |   111 |    44 |    49 ||   709
         Kiss of Death     |       |     1 |       |       |       |       |       |       |       ||     1
         Mephitic Cloud    |       |     3 |    13 |    38 |    11 |     1 |       |       |       ||    66
         Ozocubu's Armour  |       |       |     5 |    39 |    51 |    24 |    76 |    52 |    24 ||   271
         Vhi's Electric Ch |       |       |       |    13 |    49 |    48 |    43 |    94 |    31 ||   278
         Arcjolt           |       |       |       |    17 |   139 |    86 |   105 |   114 |    15 ||   476
         Ignite Poison     |       |       |       |   114 |   165 |    39 |    85 |    40 |    35 ||   478
         Manifold Assault  |       |       |       |    10 |    91 |    68 |    64 |    47 |    60 ||   340
         Freezing Cloud    |       |       |       |       |     6 |    43 |    34 |       |     4 ||    87
         Wereblood         |       |       |       |       |       |    14 |     4 |     3 |     1 ||    22
         Passage of Golubr |       |       |       |       |       |     4 |    16 |    18 |    12 ||    50
         Ozocubu's Refrige |       |       |       |       |       |   146 |   312 |   211 |   112 ||   781
         Polar Vortex      |       |       |       |       |       |       |       |    75 |    70 ||   145
  Evoke: Wand              |       |       |     1 |       |       |       |       |       |       ||     1
    Use: Scroll            |       |       |     5 |    12 |    12 |     7 |    20 |     7 |     3 ||    66
         Potion            |       |       |     2 |       |     1 |     1 |    21 |     5 |     3 ||    33
   Stab: Confused          |       |       |    10 |    11 |       |     1 |       |       |       ||    22
         Sleeping          |       |       |       |       |     1 |       |       |     2 |       ||     3
         Distracted        |       |       |       |       |       |       |       |     2 |       ||     2
 Armour: Robe              |     5 |    25 |    68 |   139 |    27 |    21 |   178 |   152 |   107 ||   722
         Acid dragon scale |       |       |       |       |   222 |       |       |       |       ||   222
         Leather armour    |       |       |       |       |    89 |   135 |       |       |       ||   224
         Scale mail        |       |       |       |       |       |       |   128 |   135 |       ||   263
  Dodge: Dodged            |     8 |    25 |    87 |   273 |   380 |   232 |   375 |   546 |   341 ||  2267
  Block: Buckler           |       |       |       |    10 |   147 |     1 |       |       |       ||   158
         Kite shield       |       |       |       |       |       |   340 |   732 |   824 |   340 ||  2236
